 Dungeon Crawl Stone Soup version 0.30.1-3-gfc49f6343a (webtiles) character file.

Game seed: 6824118596762555924

13824 Heoruswealwe the Eclecticist (level 11, -3/54 HPs)
             Began as a Deep Elf Conjurer on July 18, 2023.
             Was an Elder of Vehumet.
             Slain by Rupert
             ... wielding a +0 great mace of protection
              (33 damage)
             ... on level 12 of the Dungeon.
             The game lasted 02:35:36 (12788 turns).

Heoruswealwe the Eclecticist (Deep Elf Conjurer)   Turns: 12788, Time: 02:35:37

Health: -3/54      AC: 19    Str:  4    XL:     11   Next: 80%
Magic:  1/34       EV: 12    Int: 28    God:    Vehumet [****..]
Gold:   744        SH:  0    Dex: 13    Spells: 1/44 levels left

rFire   + + .        C - +8 lance "Wyrmbane" {slay drac, rPois rF+ rC+ AC+3}
rCold   + . .        (no shield)
rNeg    . . .        c - +0 steam dragon scales
rPois   +            g - +2 helmet
rElec   .            h - +1 cloak
rCorr   .            f - +2 pair of gloves
SInv    .            e - +2 pair of boots
Will    +....        (no amulet)
Stlth   ++           k - ring of wizardry
HPRegen 0.29/turn    j - ring of protection from fire
MPRegen 0.24/turn

%: wizardry (x1)
@: studying 2 skills
A: no striking features
a: Renounce Religion


You were on level 12 of the Dungeon.
You worshipped Vehumet.
Vehumet was greatly pleased with you.
You visited 2 branches of the dungeon, and saw 13 of its levels.
You also visited: Sewer.

You collected 1825 gold pieces.
You spent 1081 gold pieces at shops.

Inventory:

Hand Weapons
 b - a +0 war axe
 C - the +8 lance "Wyrmbane" (weapon) {slay drac, rPois rF+ rC+ AC+3}
   (You found it on level 5 of the Dungeon)

   AC:        It affects your AC (+3).
   rF:        It protects you from fire.
   rC:        It protects you from cold.
   rPois:     It protects you from poison.
 M - a +1 heavy scimitar
Armour
 c - +0 steam dragon scales (worn)
 e - a +2 pair of boots (worn)
 f - a +2 pair of gloves (worn)
 g - a +2 helmet (worn)
 h - a +1 cloak (worn)
 J - +0 acid dragon scales
Magical Staves
 p - a staff of air
 q - a staff of earth
 r - a staff of poison
Jewellery
 j - a ring of protection from fire (right hand)
 k - a ring of wizardry (left hand)
Wands
 d - a wand of digging (4)
 y - a wand of acid (23)
 A - a wand of flame (9)
 E - a wand of iceblast (13)
 G - a wand of paralysis (6)
 H - a wand of polymorph (7)
 L - a wand of mindburst (19)
Scrolls
 i - 3 scrolls of poison
 l - a scroll of fear
 m - 5 scrolls of teleportation
 o - 2 scrolls of fog
 s - a scroll of immolation
 t - 2 scrolls of magic mapping
 B - 3 scrolls of amnesia
Potions
 n - 3 potions of curing
 u - a potion of cancellation {unknown}
 w - 2 potions of ambrosia {unknown}
 x - 2 potions of lignification {unknown}
 z - a potion of berserk rage {unknown}
 D - 2 potions of resistance {unknown}
 F - 5 potions of haste {unknown}
 I - 3 potions of flight {unknown}
 K - 2 potions of brilliance {unknown}
 Q - 5 potions of heal wounds {unknown}
 R - a potion of might {unknown}
Miscellaneous
 a - a tin of tremorstones (2/2)


   Skills:
 - Level 2.4 Dodging
 - Level 2.4 Stealth
 + Level 17.4 Spellcasting
 + Level 15.3 Conjurations


You had one spell level left.
You knew the following spells:

 Your Spells              Type           Power      Damage    Failure   Level
b - Foxfire               Conj/Fire      100%       2x1d9     1%          1
c - Kiss of Death         Conj/Necr      100%       2d13      1%          1
d - Searing Ray           Conj           100%       2d8       0%          2
e - Static Discharge      Conj/Air       100%       2-7/arc   1%          2
f - Dazzling Flash        Conj/Hex       100%       N/A       1%          3
g - Hailstorm             Conj/Ice       61%        3d13      1%          3
h - Stone Arrow           Conj/Erth      100%       3d13      1%          3
i - Fulminant Prism       Conj/Hex       30%        3d16      1%          4
j - Iskenderun's Mystic   Conj/Tloc      61%        2d13      1%          4
k - Flame Wave            Conj/Fire      61%        2d14      1%          4
l - Arcjolt               Conj/Air       30%        1d40      1%          5
m - Fireball              Conj/Fire      30%        3d13      1%          5
n - Iron Shot             Conj/Erth      30%        9d6       1%          6

Your spell library contained the following spells:

 Spells                   Type           Power      Damage    Failure   Level
 Magic Dart               Conj           100%       1d8       0%          1
 Sublimation of Blood     Necr           24%        N/A       1%          2
 Wereblood                Tmut           24%        N/A       1%          2
 Irradiate                Conj/Tmut      30%        3d21      1%          5
 Starburst                Conj/Fire      30%        6d9       1%          6
 Confusing Touch          Hex            24%        N/A       2%          3
 Ozocubu's Armour         Ice            24%        N/A       2%          3
 Portal Projectile        Hex/Tloc       48%        N/A       2%          3
 Teleport Other           Tloc           24%        N/A       2%          3
 Tukima's Dance           Hex            24%        N/A       2%          3
 Vhi's Electric Charge    Tloc/Air       48%        N/A       2%          3
 Dispel Undead            Necr           24%        3d12      8%          4
 Petrify                  Tmut/Erth      24%        N/A       8%          4
 Blade Hands              Tmut           12%        N/A       21%         5
 Plasma Beam              Fire/Air       12%        2x1d25    28%         6
 Ozocubu's Refrigeration  Ice            12%        4d10      77%         7
 Summon Hydra             Summ           12%        N/A       99%         7
 Disjunction              Tloc           12%        N/A       100%        8


Dungeon Overview and Level Annotations

Branches:
Dungeon (12/15)            Temple (1/1) D:4            Lair (0/5) D:11
    Orc (0/2) D:9           Sewer (visited)

Altars:
Ashenzari
Cheibriados
Dithmenos
Elyvilon
Fedhas
Gozag
Hepliaklqana
Kikubaaqudgha
Makhleb
Nemelex Xobeh
Okawaru
Qazlal
Ru
Sif Muna
Trog
Uskayaw
Vehumet
Wu Jian
Xom
Yredelemnul
Zin
The Shining One

Shops:
D:4 *   D:8 :   D:9 (   D:11 (   D:12 *

Annotations:
D:12 Rupert


Message History

Rupert is severely wounded.
Rupert is knocked back by the mystic blast.
A vampire mosquito comes into view.
The fireball explodes!
The fireball engulfs Rupert!
Rupert is severely wounded.
Casting: Fireball (dangerous; 1% risk of failure)
Confirm with . or Enter, or press ? or * to list all spells.
You erupt in a blast of force!
The mystic blast hits the vampire mosquito!
The vampire mosquito is heavily damaged.
The vampire mosquito is knocked back by the mystic blast.
The vampire mosquito collides with the vampire mosquito!
The vampire mosquito is lightly damaged.
The vampire mosquito is almost destroyed.
The mystic blast hits Rupert!
Rupert is severely wounded.
Rupert is knocked back by the mystic blast.
Rupert collides with the vampire mosquito!
You destroy the vampire mosquito!
Vehumet accepts your kill.
You feel your power returning.
Casting: Iskenderun's Mystic Blast (safe; 1% risk of failure)
Confirm with . or Enter, or press ? or * to list all spells.
You erupt in a blast of force!
The mystic blast hits the vampire mosquito!
The vampire mosquito is severely damaged.
The vampire mosquito is knocked back by the mystic blast.
The mystic blast hits Rupert!!
Rupert is almost dead.
Rupert is knocked back by the mystic blast.
Rupert rages.
Okay, then.
Rupert attacks as you move away!
Rupert hits you with a +0 great mace of protection!!
Rupert hits you with a +0 great mace of protection.
Rupert rages.
Rupert attacks as you move away!
Rupert hits you with a +0 great mace of protection!!
Ouch! That really hurt!
You die...

##..#####....## #
##.............###
#..........##...##
#..#....######....
#.####### ##... #.#
###... #.#
#########..... #
#.###.............
...
##@.#...######....#
.....###@.##..##
######
....†..y.###..#
....†..### ##.##
....### ##.# ...
#.# . #.# ###


You could see Rupert (berserk) and a vampire mosquito.

Vanquished Creatures
  3 two-headed ogres
  Lodul (D:10)
  A manticore (D:11)
  3 gargoyles
  Maggie (D:8)
  A kobold demonologist (D:12)
  A komodo dragon (D:11)
  2 trolls (D:11)
  Grinder (D:6)
  2 shadows
  2 vampires (D:9)
  3 wyverns
  8 yaks
  A basilisk (D:11)
  A steam dragon (D:9)
  A fire elemental (D:11)
  2 vampire mosquitoes (D:12)
  An acid dragon (D:10)
  3 water moccasins (D:11)
  2 ice beasts (D:5)
  4 orc warriors
  A sky beast (D:7)
  11 ogres
  4 black bears
  6 centaurs
  2 wolves (D:11)
  3 kobold brigands
  4 bullfrogs
  4 gnoll sergeants
  3 scorpions
  2 earth elementals (D:12)
  4 wights (D:8)
  7 killer bees
  2 howler monkeys (D:8)
  A lava snake (D:11)
  5 hounds
  4 orc priests
  2 gnoll boudas
  4 jellies
  Ijyb (D:4)
  3 iguanas
  3 sleepcaps
  Natasha (thrice) (D:3)
  5 orc wizards
  A hell rat (Sewer)
  Robin (D:3)
  6 adders
  34 gnolls
  2 river rats (Sewer)
  2 white imps (D:5)
  5 worms
  5 dart slugs
  34 orcs
  7 ball pythons
  3 endoplasms
  5 giant cockroaches
  17 goblins
  7 hobgoblins
  3 jackals (D:4)
  3 quokkas
  3 bats (D:2)
  A frilled lizard (D:2)
  13 kobolds
  13 rats
  A spectral goblin (D:8)
294 creatures vanquished.

Vanquished Creatures (others)
  4 fulminant prisms
4 creatures vanquished.

Grand Total: 298 creatures vanquished

Notes
Turn   | Place    | Note
-------+----------+-------------------------------------------
     0 | D:1      | Heoruswealwe the Deep Elf Conjurer began the quest for the
                  | Orb.
     0 | D:1      | Reached XP level 1. HP: 10/10 MP: 6/6
   120 | D:1      | Reached XP level 2. HP: 15/15 MP: 0/8
   123 | D:1      | Learned a level 2 spell: Searing Ray
   729 | D:2      | Reached skill level 4 in Spellcasting
   729 | D:2      | Reached skill level 5 in Conjurations
   729 | D:2      | Reached XP level 3. HP: 19/19 MP: 4/10
   733 | D:2      | Learned a level 3 spell: Dazzling Flash
  1866 | D:3      | Reached XP level 4. HP: 24/24 MP: 8/12
  1871 | D:3      | Learned a level 4 spell: Iskenderun's Mystic Blast
  2028 | D:3      | Found a faded altar of an unknown god.
  2076 | D:3      | Reached skill level 5 in Spellcasting
  2092 | D:3      | Found an iron altar of Okawaru.
  2111 | D:3      | Found a basalt altar of Yredelemnul.
  2126 | D:3      | Noticed Natasha
  2134 | D:3      | Killed Natasha
  2211 | D:3      | Noticed Natasha
  2215 | D:3      | Killed Natasha
  2216 | D:3      | Reached XP level 5. HP: 28/28 MP: 9/15
  2221 | D:3      | Noticed Natasha
  2227 | D:3      | Killed Natasha
  2250 | D:3      | Noticed Robin
  2256 | D:3      | Killed Robin
  2266 | D:3      | Reached skill level 6 in Spellcasting
  2363 | D:3      | Learned a level 4 spell: Fulminant Prism
  2776 | D:4      | Noticed an ogre
  2782 | D:4      | Killed an ogre
  2783 | D:4      | Reached XP level 6. HP: 32/32 MP: 8/17
  2786 | D:4      | Found a staircase to the Ecumenical Temple.
  2832 | Temple   | Entered the Ecumenical Temple
  2901 | Temple   | Became a worshipper of Vehumet
  3375 | D:4      | Found an opulent altar of Gozag.
  3406 | D:4      | Found Gozag's Platinum Reserve.
  3515 | D:4      | Reached skill level 7 in Spellcasting
  3589 | D:4      | Learned a level 1 spell: Foxfire
  3614 | D:4      | Noticed Ijyb
  3621 | D:4      | Killed Ijyb
  3630 | D:4      | Reached * piety under Vehumet
  3630 | D:4      | Offered knowledge of Kiss of Death by Vehumet.
  3633 | D:4      | Learned a level 1 spell: Kiss of Death
  3895 | D:5      | Entered Level 5 of the Dungeon
  3899 | D:5      | Reached XP level 7. HP: 28/36 MP: 14/19
  3917 | D:5      | Found the +8 lance "Wyrmbane" {slay drac, rPois rF+ rC+
                  | AC+3}
  3968 | D:5      | Reached skill level 8 in Spellcasting
  4185 | D:5      | Learned a level 5 spell: Fireball
  4277 | D:5      | Reached skill level 9 in Spellcasting
  4286 | D:5      | Reached XP level 8. HP: 41/41 MP: 7/23
  4931 | D:6      | Reached ** piety under Vehumet
  4941 | D:6      | Found a glowing drain.
  4958 | Sewer    | Entered a sewer
  4965 | Sewer    | Offered knowledge of Static Discharge by Vehumet.
  4972 | Sewer    | Learned a level 2 spell: Static Discharge
  5576 | D:6      | Reached skill level 10 in Spellcasting
  5736 | D:6      | Noticed Grinder
  5737 | D:6      | Paralysed by Grinder for 5 turns
  5747 | D:6      | Killed Grinder
  5880 | D:7      | Reached skill level 11 in Spellcasting
  5885 | D:7      | Reached skill level 10 in Conjurations
  5901 | D:7      | Reached XP level 9. HP: 25/45 MP: 9/26
  6001 | D:7      | Learned a level 5 spell: Arcjolt
  6013 | D:7      | Found a blossoming altar of Fedhas.
  6013 | D:7      | Found a broken altar of Ashenzari.
  6015 | D:7      | Found an ornate altar of the Wu Jian Council.
  6015 | D:7      | Identified the +0 scale mail of Gavvyogg {Dex+2}
  6200 | D:7      | Found a burning altar of Makhleb.
  6206 | D:7      | Found a hide-covered altar of Uskayaw.
  6208 | D:7      | Found a glowing silver altar of Zin.
  6250 | D:7      | Offered knowledge of Hailstorm by Vehumet.
  6255 | D:7      | Learned a level 3 spell: Hailstorm
  6393 | D:7      | Identified the +1 sling of Hatred {antimagic, Fragile rCorr
                  | Str+9 SInv}
  6664 | D:8      | Reached *** piety under Vehumet
  6665 | D:8      | Reached skill level 12 in Spellcasting
  6876 | D:8      | Found Akhlis's Book Emporium.
  6882 | D:8      | Offered knowledge of Stone Arrow by Vehumet.
  7010 | D:8      | Reached skill level 13 in Spellcasting
  7191 | D:8      | Learned a level 3 spell: Stone Arrow
  7201 | D:8      | Found a white marble altar of Elyvilon.
  7201 | D:8      | Found a snail-covered altar of Cheibriados.
  7201 | D:8      | Found a shadowy altar of Dithmenos.
  7525 | D:8      | Found a hazy altar of Hepliaklqana.
  7665 | D:8      | Noticed Maggie
  7675 | D:8      | Killed Maggie
  7676 | D:8      | Reached XP level 10. HP: 40/50 MP: 10/29
  8080 | D:9      | Reached **** piety under Vehumet
  8124 | D:9      | Noticed a two-headed ogre
  8133 | D:9      | Killed a two-headed ogre
  8134 | D:9      | Reached skill level 14 in Spellcasting
  8153 | D:10     | Entered Level 10 of the Dungeon
  8172 | D:10     | Offered knowledge of Flame Wave by Vehumet.
  8330 | D:9      | Learned a level 4 spell: Flame Wave
  8373 | D:9      | Found Qaeqic's Weapon Shoppe.
  8373 | D:9      | Found a staircase to the Orcish Mines.
  9053 | D:9      | Reached skill level 15 in Spellcasting
  9944 | D:10     | Noticed a gargoyle
  9960 | D:10     | Killed a gargoyle
 10080 | D:10     | Noticed a two-headed ogre
 10085 | D:10     | Killed a two-headed ogre
 10086 | D:10     | Reached XP level 11. HP: 54/54 MP: 13/32
 10188 | D:10     | Noticed Lodul
 10193 | D:10     | Killed Lodul
 10389 | D:10     | Reached ***** piety under Vehumet
 10389 | D:10     | Offered knowledge of Iron Shot by Vehumet.
 10503 | D:10     | Reached skill level 16 in Spellcasting
 10622 | D:8      | Bought a manual of Air Magic for 880 gold pieces
 10856 | D:11     | Noticed a two-headed ogre
 10859 | D:11     | Killed a two-headed ogre
 11420 | D:11     | Identified a scroll of acquirement
 11517 | D:11     | Found a staircase to the Lair.
 11526 | D:11     | Acquired 715 gold pieces
 11693 | D:11     | Got the Parchment of Remoulded Orientation
 11702 | D:11     | Learned a level 6 spell: Iron Shot
 11783 | D:11     | Reached skill level 17 in Spellcasting
 11787 | D:11     | Found a hide-covered altar of Uskayaw.
 11866 | D:11     | Found Wavy's Antique Weapon Boutique.
 12320 | D:12     | Reached skill level 15 in Conjurations
 12341 | D:12     | Noticed a soul eater
 12593 | D:12     | Found Xibuker's Pet Rocks.
 12623 | D:12     | Bought a wand of digging (4) for 201 gold pieces
 12776 | D:12     | Noticed Rupert
 12788 | D:12     | Slain by Rupert

Illustrated notes

Levels and vault maps discovered:
D:1:      dpeg_arrival_rooms_b, layout_loops_cross
D:2:      layout_basic
D:3:      layout_rooms, mainiacjoe_overflow_swirl,
          shapermc_ecumenical_altar_hornbeckon, uniq_robin, uniq_natasha
D:4:      layout_layer_cave, nicolae_gozag_zags_fifth_avenue,
          minmay_temple_entry_junction, hex_large, uniq_ijyb
D:5:      layout_basic
D:6:      layout_gridville, portal_sewer_entry_b, uniq_grinder
D:7:      layout_cave_pools, general_overflow_altar, grunt_temple_overflow_open,
          kennysheep_flooded_box, minmay_manual_mares
D:8:      layout_loops_ring, nicolae_hepliaklqana_monster_ancestors,
          gammafunk_temple_overflow_claw, serial_shops, nicolae_shop_peninsula,
          chequers_arboretum, uniq_maggie, uniq_erica
D:9:      layout_gridville, orc_david_3
D:10:     layout_rooms, serial_corexii_hall, corexii_hall_statues_l,
          corexii_hall_statues_i, uniq_lodul
D:11:     layout_layer_cave, minmay_lair_entry_grove, serial_shops, shop,
          nicolae_uskayaw_suspiria
D:12:     layout_layer_cave, nrook_mini_vaults, guppyfry_shop_earth, uniq_rupert
Temple:   dpeg_three_leaves_temple

Skill      XL: |  1  2  3  4  5  6  7  8  9 10 11 |
---------------+----------------------------------+-----
Spellcasting   | 4 5 6 7 9 11 13 15 17 | 17.4
Conjurations   | 5 6 7 8 10 12 13 15 | 15.3
Dodging        | |  2.4
Stealth        | |  2.4

Action                     |  1- 3 |  4- 6 |  7- 9 | 10-12 || total
---------------------------+-------+-------+-------+-------++-------
  Melee: Unarmed           |       |    25 |       |       ||    25
         Punch             |       |     1 |       |     4 ||     5
         Lance             |       |       |    10 |   133 ||   143
         Scimitar          |       |       |       |    76 ||    76
   Cast: Magic Dart        |    69 |   109 |   117 |     2 ||   297
         Searing Ray       |     1 |    13 |    49 |     4 ||    67
         Iskenderun's Myst |       |       |     8 |    24 ||    32
         Fulminant Prism   |       |       |     3 |     1 ||     4
         Fireball          |       |       |     5 |   122 ||   127
         Hailstorm         |       |       |     4 |       ||     4
    Use: Potion            |       |     1 |       |    10 ||    11
         Scroll            |       |       |    13 |    14 ||    27
 Armour: Robe              |       |     2 |    26 |     1 ||    29
         Steam dragon scal |       |       |       |    37 ||    37
  Dodge: Dodged            |     2 |     7 |    40 |    57 ||   106
